 Dungeon Crawl Stone Soup version 0.29.0-4-gdea44cf6ec (webtiles) character file.

Game seed: 13934674904431084315

20409 qw the Blocker (level 12, -5/111 HPs)
             Began as a Troll Cinder Acolyte on Sept 1, 2022.
             Was a Follower of Okawaru.
             Killed from afar by a rime drake (21 damage)
             ... with a flash freeze
             ... on level 3 of the Lair of Beasts.
             The game lasted 00:06:24 (10601 turns).

qw the Blocker (Troll Cinder Acolyte)              Turns: 10601, Time: 00:06:25

Health: -5/111     AC: 15    Str: 29    XL:     12   Next: 45%
Magic:  12/13      EV:  7    Int: 10    God:    Okawaru [*.....]
Gold:   509        SH: 18    Dex:  5    Spells: 13/13 levels left

rFire   . . .      SeeInvis .     - Unarmed
rCold   x x .      Faith    .   p - +0 tower shield
rNeg    + . .      Spirit   .   q - +0 fire dragon scales
rPois   .          Reflect  .   (helmet restricted)
rElec   .          Harm     .   k - +1 cloak
rCorr   .          Rampage  .   (gloves unavailable)
Will    .....                   (boots unavailable)
Stlth   +.........              (no amulet)
HPRegen 1.08/turn               l - ring of fire
MPRegen 0.13/turn               b - ring of positive energy

@: about to teleport, heroic, fire susceptible
A: large, unfitting armour, claws 3, regeneration 1, shaggy fur 1, tough skin 1
a: Renounce Religion, Heroism


You were on level 3 of the Lair of Beasts.
You worshipped Okawaru.
Okawaru was aware of your devotion.
You visited 3 branches of the dungeon, and saw 16 of its levels.
You also visited: Sewer.

You collected 938 gold pieces.
You spent 429 gold pieces at shops.


Innate Abilities, Weirdness & Mutations

You are too large for most types of armour.
You have claws for hands.
Your natural rate of healing is unusually fast.
You are covered in fur. (AC +1)
You have tough skin. (AC +1)


   Skills:
 - Level 5.1(10.1) Fighting
 - Level 3.2(8.2) Throwing
 - Level 3.1(8.1) Armour
 - Level 1.1(6.1) Dodging
 + Level 13.1(18.1) Shields
 - Level 13.0(18.0) Unarmed Combat
 - Level 1.0 Spellcasting
 - Level 2.1 Fire Magic
 + Level 2.8 Invocations


You had 13 spell levels left.
You didn't know any spells.
Your spell library contained the following spells:

 Spells                   Type           Power      Damage    Failure   Level
 Scorch                   Fire           14%        2d5       69%         2

Inventory:

Missiles
 j - 7 boomerangs
 m - 2 silver boomerangs (quivered)
Armour
 k - a +1 cloak (worn)
 n - +0 acid dragon scales
 p - a +0 tower shield (worn)
 q - +0 fire dragon scales (worn)
Jewellery
 b - a ring of positive energy (right claw)
 l - a ring of fire (left claw)
Scrolls
 d - 9 scrolls of teleportation
 g - a scroll of enchant weapon
 i - 11 scrolls of identify
Potions
 a - a potion of mutation
 c - 4 potions of haste
 e - 2 potions of might
 f - a potion of resistance
 r - a potion of curing

Dungeon Overview and Level Annotations

Branches:
Dungeon (11/15)            Temple (1/1) D:7            Lair (4/5) D:11
 Spider (0/4) Lair:3          Orc (0/2) D:9           Sewer (visited)
  Swamp: Lair:2-3    Shoals: Lair:2-3     Slime: Lair:4-5

Altars:
Ashenzari
Cheibriados
Dithmenos
Elyvilon
Fedhas
Gozag
Hepliaklqana
Kikubaaqudgha
Makhleb
Nemelex Xobeh
Okawaru
Qazlal
Ru
Sif Muna
Trog
Uskayaw
Vehumet
Wu Jian
Xom
Yredelemnul
Zin
The Shining One

Shops:
D:5 :   D:6 *   D:9 ?

Annotations:
D:9 2 transporters


Message History

The fire elemental is almost destroyed.
You block the fire elemental's attack. The fire elemental hits you.
The fire elemental burns you!
You closely miss the fire elemental.
The fire elemental is almost destroyed.
The fire elemental barely misses you.
You mangle the fire elemental!!
You destroy the fire elemental!
That felt strangely unrewarding.
The fire elemental hits you. The fire elemental burns you!
You mangle the fire elemental!!
The fire elemental is severely damaged.
The fire elemental hits you. The fire elemental burns you!
10593 ||| READING 11 scrolls of teleportation.
As you read the scroll of teleportation, it crumbles to dust.
You feel strangely unstable. You block the fire elemental's attack.
The fire elemental hits you. The fire elemental burns you!
You scratch the fire elemental.
The fire elemental is severely damaged.
You hear the steady crackling of a very distant melting archway.
The fire elemental hits you. The fire elemental burns you!
You mangle the fire elemental!!
You destroy the fire elemental!
That felt strangely unrewarding.
You start resting.
Your surroundings suddenly seem different. 2 yaks and a rime drake come into view.
The yak bellows! x2; The rime drake hisses angrily.
10599 ||| READING 10 scrolls of teleportation.
As you read the scroll of teleportation, it crumbles to dust.
You feel strangely unstable.
A yak comes into view.
10600 ||| Stepping ~*~*~tactically~*~*~ (stealth).
You mangle the rime drake!!
The rime drake is severely wounded.
You hear a bellow!
The rime drake breathes ice at you. The flash freeze hits you!!
You feel a painful chill!
You die... #.# #. ... .. .. ..... .... ..
Y.Y

# ##.#. #. ... ....
#. .Y. #.. .##.# ..
#..#.#.#.... .P.#P
#..@#......# .h..h
#....#k# .h...
#.#...#.# ##..#
#...#.#. ..h #
....#.# ## #.. . #
#...#.# .. ....
#....# ##........ ..
....# #..#... .....
...#
.#...#.#....#.?##...
....


You could see a rime drake (catching breath).

Vanquished Creatures
  A fire dragon (D:11)
  2 boulder beetles (D:11)
  Erica (D:8)
  3 two-headed ogres
  Urug (D:11)
  An unseen horror (D:11)
  A torpor snail (Lair:3)
  A smoke demon (D:11)
  2 cane toads (Lair:1)
  3 komodo dragons
  A hornet (D:7)
  2 trolls
  3 blink frogs
  A vampire (D:11)
  11 fire elementals
  21 yaks
  A fire bat (D:11)
  7 wyverns
  Grum (D:10)
  2 basilisks (D:11)
  2 steam dragons
  5 vampire mosquitoes
  2 wargs (D:9)
  2 acid dragons
  7 water moccasins
  2 black bears
  7 orc warriors
  An ice beast (D:6)
  A sky beast (D:8)
  14 wolves
  4 ogres
  2 centaurs
  A kobold brigand (D:7)
  A necrophage (D:8)
  4 bullfrogs
  A gnoll sergeant (D:10)
  6 scorpions
  8 wights
  5 killer bees (D:10)
  5 howler monkeys
  A crimson imp (D:7)
  4 hounds
  7 orc priests
  A jelly (D:6)
  A gnoll bouda (D:6)
  An iguana (D:5)
  4 orc wizards
  9 gnolls
  7 adders
  A shadow imp (D:5)
  3 white imps (D:7)
  4 worms
  A dart slug (D:1)
  41 orcs
  9 bats
  4 endoplasms
  2 giant cockroaches
  4 goblins
  7 hobgoblins
  6 jackals
  3 quokkas
  3 ball pythons
  3 frilled lizards
  11 kobolds
  4 rats
287 creatures vanquished.

Vanquished Creatures (others)
  A human (D:9)
  5 fungi
  7 plants
13 creatures vanquished.

Grand Total: 300 creatures vanquished

Notes
Turn   | Place    | Note
-------+----------+-------------------------------------------
     0 | D:1      | qw the Troll Cinder Acolyte began the quest for the Orb.
     0 | D:1      | Reached XP level 1. HP: 22/22 MP: 1/1
     0 | D:1      | 0 ||| qw: Version: 0.1-a-97-g2dd2ca4
     0 | D:1      | 0 ||| qw: Game counter: 4742
     0 | D:1      | 0 ||| qw: Always use a shield: true
     0 | D:1      | 0 ||| qw: God list: Okawaru
     0 | D:1      | 0 ||| qw: Allow faded altars: false
     0 | D:1      | 0 ||| qw: Do Orc after D:15 true
     0 | D:1      | 0 ||| qw: Do second Lair branch before Depths: true
     0 | D:1      | 0 ||| qw: Lair rune preference: random
     0 | D:1      | 0 ||| qw: Plans: Normal
     0 | D:1      | 0 ||| PLANNING D:1-11
    22 | D:1      | 22 ||| Stepping randomly (stuck).
    24 | D:1      | 24 ||| Stepping randomly (stuck).
   180 | D:1      | Reached XP level 2. HP: 29/29 MP: 2/2
   411 | D:1      | Found a faded altar of an unknown god.
   421 | D:1      | Noticed a golden eye
   422 | D:1      | 422 ||| READING scroll labelled QIKUIC RAIN.
   423 | D:1      | 423 ||| READING 2 scrolls labelled AVEUSOETAUTS.
   426 | D:1      | Noticed a shining eye
   429 | D:1      | 429 ||| Stepping ~*~*~tactically~*~*~ (hiding).
   433 | D:1      | 433 ||| Stepping ~*~*~tactically~*~*~ (hiding).
   542 | D:1      | Noticed an eye of devastation
   678 | D:1      | Noticed a shining eye
   873 | D:1      | 873 ||| READING scroll labelled ANTAUKHUGI.
   874 | D:1      | 874 ||| DRINKING 2 metallic cyan potions.
   979 | D:2      | Reached XP level 3. HP: 36/36 MP: 3/3
  1013 | D:2      | Identified the +2 robe of Kagiges {+Inv rElec rC-}
  1358 | D:2      | 1358 ||| Stepping ~*~*~tactically~*~*~ (stealth).
  1359 | D:2      | 1359 ||| Stepping ~*~*~tactically~*~*~ (stealth).
  1362 | D:2      | 1362 ||| Stepping ~*~*~tactically~*~*~ (stealth).
  1363 | D:2      | 1363 ||| INVOKING Fiery Armour.
  1364 | D:2      | 1364 ||| Stepping ~*~*~tactically~*~*~ (outnumbered).
  1368 | D:2      | 1368 ||| Stepping ~*~*~tactically~*~*~ (stealth).
  1369 | D:2      | 1369 ||| Stepping ~*~*~tactically~*~*~ (stealth).
  1372 | D:2      | Reached skill level 1 in Throwing
  1532 | D:2      | 1532 ||| UPGRADING to +2 robe of Kagiges {+Inv rElec rC-}.
  1542 | D:2      | 1542 ||| UPGRADING to ring of fire.
  1543 | D:2      | 1543 ||| READING 3 scrolls labelled UPNYOF LITTI.
  1544 | D:2      | 1544 ||| READING scroll labelled ASOCLU CEFEBRUFYN.
  1545 | D:2      | 1545 ||| READING scroll labelled DUOTES XI ANY.
  1546 | D:2      | 1546 ||| READING 2 scrolls of identify.
  1546 | D:2      | 1546 ||| IDENTIFYING red potion
  1601 | D:3      | Reached XP level 4. HP: 44/44 MP: 4/4
  1672 | D:3      | 1672 ||| Stepping ~*~*~tactically~*~*~ (stealth).
  1683 | D:3      | 1683 ||| Stepping ~*~*~tactically~*~*~ (outnumbered).
  1756 | D:3      | 1756 ||| Stepping ~*~*~tactically~*~*~ (hiding).
  1758 | D:3      | 1758 ||| Stepping ~*~*~tactically~*~*~ (hiding).
  1767 | D:3      | 1767 ||| INVOKING Fiery Armour.
  1768 | D:3      | 1768 ||| Stepping ~*~*~tactically~*~*~ (outnumbered).
  1772 | D:3      | Reached XP level 5. HP: 27/50 MP: 5/5
  2215 | D:3      | 2215 ||| READING scroll labelled TATRIM CITWY.
  2216 | D:3      | 2216 ||| READING 2 scrolls labelled IMUMYI DIOJE.
  2217 | D:3      | 2217 ||| READING 2 scrolls of identify.
  2217 | D:3      | 2217 ||| IDENTIFYING fuming amethyst potion
  2218 | D:3      | 2218 ||| DROPPING potion of degeneration.
  2219 | D:3      | 2219 ||| DROPPING scroll of immolation.
  2231 | D:4      | 2231 ||| STAIRDANCE
  2243 | D:3      | Reached skill level 6 in Unarmed Combat
  2474 | D:4      | Found a snail-covered altar of Cheibriados.
  2477 | D:4      | Found a white marble altar of Elyvilon.
  2482 | D:4      | 2482 ||| Stepping ~*~*~tactically~*~*~ (stealth).
  2716 | D:4      | 2716 ||| UPGRADING to +0 cloak.
  2721 | D:4      | 2721 ||| UPGRADING to +0 tower shield.
  2726 | D:4      | 2726 ||| READING scroll labelled QIFEFO KI WUAT.
  2755 | D:5      | Entered Level 5 of the Dungeon
  2756 | D:5      | 2756 ||| PLANNING SEWER
  2796 | D:5      | 2796 ||| Stepping ~*~*~tactically~*~*~ (stealth).
  2798 | D:5      | 2798 ||| Stepping ~*~*~tactically~*~*~ (hiding).
  2808 | D:5      | Reached XP level 6. HP: 57/59 MP: 6/6
  2879 | D:5      | Reached skill level 1 in Shields
  2894 | D:5      | Found Yshranokli's Self-Improvement Boutique.
  2902 | D:5      | Noticed a vampire mosquito
  2904 | D:5      | Noticed a vampire mosquito
  2906 | D:5      | Killed a vampire mosquito
  2907 | D:5      | Reached skill level 3 in Shields
  2908 | D:5      | Killed a vampire mosquito
  2909 | D:5      | Reached XP level 7. HP: 45/66 MP: 7/7
  2910 | D:5      | 2910 ||| FLEEEEING.
  2911 | D:5      | 2911 ||| FLEEEEING.
  2912 | D:5      | 2912 ||| FLEEEEING.
  2913 | D:5      | 2913 ||| FLEEEEING.
  2914 | D:5      | 2914 ||| FLEEEEING.
  2915 | D:5      | 2915 ||| FLEEEEING.
  2916 | D:5      | 2916 ||| FLEEEEING.
  2917 | D:5      | 2917 ||| FLEEEEING.
  2918 | D:5      | 2918 ||| FLEEEEING.
  2919 | D:5      | 2919 ||| FLEEEEING.
  2920 | D:5      | 2920 ||| FLEEEEING.
  2921 | D:5      | 2921 ||| FLEEEEING.
  2922 | D:5      | 2922 ||| FLEEEEING.
  2923 | D:5      | 2923 ||| FLEEEEING.
  2946 | D:5      | Found a hide-covered altar of Uskayaw.
  2970 | D:5      | Found a broken altar of Ashenzari.
  3286 | D:5      | Found a glowing drain.
  3287 | D:5      | 3287 ||| READING scroll labelled HAR ZIGUTWACU.
  3319 | D:5      | 3319 ||| DRINKING 2 fizzy red potions.
  3334 | D:5      | 3334 ||| READING 4 scrolls of identify.
  3334 | D:5      | 3334 ||| IDENTIFYING inky potion
  3335 | D:5      | 3335 ||| READING 3 scrolls of identify.
  3335 | D:5      | 3335 ||| IDENTIFYING sapphire potion
  3336 | D:5      | 3336 ||| READING 2 scrolls of identify.
  3336 | D:5      | 3336 ||| IDENTIFYING green potion
  3337 | D:5      | 3337 ||| DROPPING potion of brilliance.
  3338 | D:5      | 3338 ||| DROPPING potion of berserk rage.
  3339 | D:5      | 3339 ||| DROPPING potion of lignification.
  3340 | D:5      | 3340 ||| DROPPING potion of invisibility.
  3349 | Sewer    | Entered a sewer
  3351 | Sewer    | 3351 ||| Stepping ~*~*~tactically~*~*~ (outnumbered).
  3479 | D:5      | 3479 ||| PLANNING D:1-11
  3640 | D:6      | Reached skill level 6 in Shields
  3640 | D:6      | Reached XP level 8. HP: 52/74 MP: 8/8
  3792 | D:6      | 3792 ||| Stepping ~*~*~tactically~*~*~ (outnumbered).
  3801 | D:6      | 3801 ||| FLEEEEING.
  3803 | D:6      | 3803 ||| FLEEEEING.
  3804 | D:6      | 3804 ||| FLEEEEING.
  3805 | D:6      | 3805 ||| FLEEEEING.
  3807 | D:6      | 3807 ||| FLEEEEING.
  3808 | D:6      | 3808 ||| FLEEEEING.
  3809 | D:6      | 3809 ||| FLEEEEING.
  3810 | D:6      | 3810 ||| FLEEEEING.
  3812 | D:6      | 3812 ||| FLEEEEING.
  3813 | D:6      | 3813 ||| FLEEEEING.
  3814 | D:6      | 3814 ||| STAIRDANCE
  4028 | D:6      | Found Rathroot's General Store.
  4033 | D:6      | 4033 ||| BUYING potion of curing (33 gold).
  4033 | D:6      | Bought a potion of curing for 33 gold pieces
  4035 | D:6      | 4035 ||| Stepping ~*~*~tactically~*~*~ (stealth).
  4036 | D:6      | 4036 ||| Stepping ~*~*~tactically~*~*~ (stealth).
  4426 | D:7      | Noticed a komodo dragon
  4437 | D:7      | 4437 ||| INVOKING Fiery Armour.
  4439 | D:7      | Killed a komodo dragon
  4440 | D:7      | Reached skill level 9 in Shields
  4500 | D:7      | Reached XP level 9. HP: 74/80 MP: 9/9
  4613 | D:7      | Found a staircase to the Ecumenical Temple.
  4721 | D:7      | Found an ornate altar of the Wu Jian Council.
  4859 | D:7      | 4859 ||| FLEEEEING.
  5280 | D:7      | Found a burning altar of Makhleb.
  5280 | D:7      | Found a basalt altar of Yredelemnul.
  5283 | D:7      | Paralysed by a hornet for 1 turns
  5285 | D:7      | 5285 ||| INVOKING Fiery Armour.
  5354 | D:7      | Found a faded altar of an unknown god.
  5356 | D:7      | Found a shimmering altar of Xom.
  5358 | D:7      | Found a shimmering blue altar of Sif Muna.
  5435 | D:7      | 5435 ||| READING scroll labelled SOFOKHI TOFU.
  5436 | D:7      | 5436 ||| DRINKING 3 fizzy coppery potions.
  5537 | D:7      | 5537 ||| DRINKING 2 murky cyan potions.
  5538 | D:7      | 5538 ||| READING 3 scrolls of identify.
  5538 | D:7      | 5538 ||| IDENTIFYING murky amethyst potion
  5539 | D:7      | 5539 ||| DROPPING 2 potions of ambrosia.
  5540 | D:7      | 5540 ||| DROPPING potion of flight.
  5675 | D:8      | 5675 ||| Stepping ~*~*~tactically~*~*~ (hiding).
  5705 | D:8      | 5705 ||| Stepping ~*~*~tactically~*~*~ (stealth).
  5716 | D:8      | Reached skill level 3 in Fighting
  5828 | D:8      | 5828 ||| Stepping ~*~*~tactically~*~*~ (stealth).
  5829 | D:8      | 5829 ||| Stepping ~*~*~tactically~*~*~ (stealth).
  5866 | D:8      | 5866 ||| Stepping ~*~*~tactically~*~*~ (stealth).
  5876 | D:8      | 5876 ||| Stepping ~*~*~tactically~*~*~ (hiding).
  5895 | D:8      | 5895 ||| Stepping ~*~*~tactically~*~*~ (hiding).
  5895 | D:8      | Noticed Erica
  5896 | D:8      | 5896 ||| INVOKING Fiery Armour.
  5903 | D:8      | 5903 ||| DRINKING 2 potions of curing.
  5903 | D:8      | 5903 ||| (to cure confusion)
  5918 | D:8      | 5918 ||| DRINKING potion of curing.
  5918 | D:8      | 5918 ||| (to cure confusion)
  5919 | D:8      | Killed Erica
  5920 | D:8      | Reached skill level 9 in Unarmed Combat
  5920 | D:8      | Reached XP level 10. HP: 49/91 MP: 10/10
  5932 | D:8      | 5932 ||| FLEEEEING.
  5933 | D:8      | 5933 ||| FLEEEEING.
  5934 | D:8      | 5934 ||| FLEEEEING.
  5938 | D:8      | 5938 ||| FLEEEEING.
  5943 | D:8      | 5943 ||| FLEEEEING.
  5944 | D:8      | 5944 ||| FLEEEEING.
  5945 | D:8      | 5945 ||| FLEEEEING.
  5947 | D:8      | 5947 ||| FLEEEEING.
  5948 | D:8      | 5948 ||| FLEEEEING.
  5949 | D:8      | 5949 ||| FLEEEEING.
  5950 | D:8      | 5950 ||| FLEEEEING.
  5952 | D:8      | 5952 ||| FLEEEEING.
  5953 | D:8      | 5953 ||| FLEEEEING.
  5954 | D:8      | 5954 ||| STAIRDANCE
  5970 | D:7      | 5970 ||| DROPPING +0 robe.
  5971 | D:7      | 5971 ||| READING 3 scrolls of identify.
  5971 | D:7      | 5971 ||| IDENTIFYING lumpy blue potion
  5972 | D:7      | 5972 ||| DROPPING potion of attraction.
  5975 | D:8      | 5975 ||| STAIRDANCE
  6104 | D:9      | Found Zayfinti's Magic Scroll Shoppe.
  6115 | D:9      | 6115 ||| BUYING 2 scrolls of teleportation (72 gold).
  6115 | D:9      | Bought 2 scrolls of teleportation for 72 gold pieces
  6115 | D:9      | 6115 ||| BUYING scroll of enchant armour (90 gold).
  6115 | D:9      | Bought a scroll of enchant armour for 90 gold pieces
  6115 | D:9      | 6115 ||| BUYING scroll of enchant weapon (90 gold).
  6115 | D:9      | Bought a scroll of enchant weapon for 90 gold pieces
  6115 | D:9      | 6115 ||| BUYING scroll of identify (24 gold).
  6115 | D:9      | Bought a scroll of identify for 24 gold pieces
  6115 | D:9      | 6115 ||| BUYING scroll of identify (24 gold).
  6115 | D:9      | Bought a scroll of identify for 24 gold pieces
  6115 | D:9      | 6115 ||| BUYING scroll of identify (24 gold).
  6115 | D:9      | Bought a scroll of identify for 24 gold pieces
  6115 | D:9      | 6115 ||| BUYING scroll of teleportation (36 gold).
  6115 | D:9      | Bought a scroll of teleportation for 36 gold pieces
  6115 | D:9      | 6115 ||| BUYING scroll of teleportation (36 gold).
  6115 | D:9      | Bought a scroll of teleportation for 36 gold pieces
  6115 | D:9      | 6115 ||| READING scroll of enchant armour.
  6115 | D:9      | 6115 ||| ENCHANTING +0 cloak.
  6223 | D:9      | 6223 ||| INVOKING Fiery Armour.
  6286 | D:9      | Found an ancient bone altar of Kikubaaqudgha.
  6303 | D:9      | Noticed a two-headed ogre
  6312 | D:9      | Killed a two-headed ogre
  6472 | D:9      | Found a transporter.
  6475 | D:9      | 6475 ||| Stepping ~*~*~tactically~*~*~ (stealth).
  6501 | D:9      | Found a staircase to the Orcish Mines.
  6506 | D:9      | 6506 ||| Stepping ~*~*~tactically~*~*~ (stealth).
  6512 | D:9      | 6512 ||| Stepping ~*~*~tactically~*~*~ (stealth).
  6514 | D:9      | 6514 ||| Stepping ~*~*~tactically~*~*~ (outnumbered).
  6515 | D:9      | 6515 ||| Stepping ~*~*~tactically~*~*~ (stealth).
  6516 | D:9      | 6516 ||| Stepping ~*~*~tactically~*~*~ (outnumbered).
  6533 | D:9      | Reached skill level 1 in Dodging
  6586 | D:9      | 6586 ||| Stepping ~*~*~tactically~*~*~ (hiding).
  6592 | D:9      | 6592 ||| INVOKING Fiery Armour.
  6593 | D:9      | 6593 ||| Stepping ~*~*~tactically~*~*~ (outnumbered).
  6658 | D:9      | 6658 ||| Stepping ~*~*~tactically~*~*~ (hiding).
  6771 | D:9      | Found a transporter.
  6928 | D:9      | 6928 ||| UPGRADING to ring of positive energy.
  6929 | D:9      | 6929 ||| DROPPING ring of magical power.
  6930 | D:9      | 6930 ||| READING scroll labelled CAEL OH XYDUS.
  7031 | D:9      | 7031 ||| READING 6 scrolls of identify.
  7031 | D:9      | 7031 ||| IDENTIFYING yellow potion
  7075 | D:10     | Entered Level 10 of the Dungeon
  7132 | D:10     | 7132 ||| Stepping ~*~*~tactically~*~*~ (outnumbered).
  7204 | D:10     | 7204 ||| Stepping ~*~*~tactically~*~*~ (stealth).
  7206 | D:10     | Noticed a two-headed ogre
  7207 | D:10     | 7207 ||| Stepping ~*~*~tactically~*~*~ (hiding).
  7217 | D:10     | Killed a two-headed ogre
  7266 | D:10     | 7266 ||| Stepping ~*~*~tactically~*~*~ (stealth).
  7307 | D:10     | Identified the +11 rapier of Equilibrium {spect, rPois rF+
                  | rC+}
  7357 | D:10     | Noticed Grum
  7359 | D:10     | 7359 ||| INVOKING Fiery Armour.
  7376 | D:10     | Killed Grum
  7377 | D:10     | Reached XP level 11. HP: 93/101 MP: 11/11
  7397 | D:10     | Noticed a two-headed ogre
  7400 | D:10     | 7400 ||| Stepping ~*~*~tactically~*~*~ (outnumbered).
  7402 | D:10     | 7402 ||| Stepping ~*~*~tactically~*~*~ (outnumbered).
  7411 | D:10     | Reached skill level 12 in Shields
  7416 | D:10     | Killed a two-headed ogre
  7485 | D:10     | 7485 ||| Stepping ~*~*~tactically~*~*~ (hiding).
  7501 | D:10     | Found a glowing golden altar of the Shining One.
  7524 | D:10     | 7524 ||| Stepping ~*~*~tactically~*~*~ (hiding).
  7525 | D:10     | 7525 ||| Stepping ~*~*~tactically~*~*~ (hiding).
  7549 | D:10     | 7549 ||| Stepping ~*~*~tactically~*~*~ (outnumbered).
  7550 | D:10     | 7550 ||| Stepping ~*~*~tactically~*~*~ (outnumbered).
  7551 | D:10     | 7551 ||| Stepping ~*~*~tactically~*~*~ (outnumbered).
  7552 | D:10     | 7552 ||| Stepping ~*~*~tactically~*~*~ (outnumbered).
  7553 | D:10     | 7553 ||| Stepping ~*~*~tactically~*~*~ (outnumbered).
  7788 | D:10     | 7788 ||| DROPPING +0 steam dragon scales.
  7789 | D:10     | 7789 ||| UPGRADING to +0 acid dragon scales.
  7799 | D:10     | 7799 ||| REMOVING ring of fire.
  7800 | D:10     | 7800 ||| DROPPING +2 robe of Kagiges {+Inv rElec rC-}.
  7816 | D:10     | 7816 ||| READING 12 scrolls of teleportation.
  7817 | D:10     | 7817 ||| STAIRDANCE
  7887 | D:11     | Reached skill level 1 in Armour
  7940 | D:11     | Noticed a boulder beetle
  7941 | D:11     | 7941 ||| INVOKING Fiery Armour.
  7952 | D:11     | Killed a boulder beetle
  8125 | D:11     | HP: 23/101 [something (7)]
  8129 | D:11     | HP: 9/101 [something (5)]
  8131 | D:11     | HP: 3/101 [something (8)]
  8232 | D:11     | 8232 ||| Stepping ~*~*~tactically~*~*~ (hiding).
  8233 | D:11     | 8233 ||| Stepping ~*~*~tactically~*~*~ (hiding).
  8246 | D:11     | 8246 ||| READING 14 scrolls of teleportation.
  8248 | D:11     | 8248 ||| INVOKING Fiery Armour.
  8519 | D:11     | 8519 ||| Stepping ~*~*~tactically~*~*~ (hiding).
  8535 | D:11     | Noticed a fire dragon
  8536 | D:11     | 8536 ||| INVOKING Fiery Armour.
  8550 | D:11     | HP: 19/101 [fire dragon/blast of flame (17)]
  8551 | D:11     | 8551 ||| READING 13 scrolls of teleportation.
  8552 | D:11     | 8552 ||| DRINKING 3 potions of heal wounds.
  8553 | D:11     | 8553 ||| DRINKING 2 potions of heal wounds.
  8664 | D:11     | 8664 ||| Stepping ~*~*~tactically~*~*~ (stealth).
  8687 | D:11     | Reached skill level 3 in Throwing
  8835 | D:11     | 8835 ||| Stepping ~*~*~tactically~*~*~ (stealth).
  8845 | D:11     | 8845 ||| INVOKING Fiery Armour.
  8854 | D:11     | Killed a fire dragon
  8857 | D:11     | Noticed Urug
  8863 | D:11     | Killed Urug
  8949 | D:11     | 8949 ||| Stepping ~*~*~tactically~*~*~ (stealth).
  8957 | D:11     | 8957 ||| INVOKING Fiery Armour.
  8960 | D:11     | 8960 ||| Stepping ~*~*~tactically~*~*~ (hiding).
  8963 | D:11     | Reached skill level 12 in Unarmed Combat
  8979 | D:11     | 8979 ||| Stepping ~*~*~tactically~*~*~ (outnumbered).
  8981 | D:11     | 8981 ||| FLEEEEING.
  8982 | D:11     | 8982 ||| FLEEEEING.
  8983 | D:11     | 8983 ||| FLEEEEING.
  8984 | D:11     | 8984 ||| FLEEEEING.
  8985 | D:11     | 8985 ||| FLEEEEING.
  9214 | D:11     | 9214 ||| Stepping ~*~*~tactically~*~*~ (outnumbered).
  9215 | D:11     | 9215 ||| Stepping ~*~*~tactically~*~*~ (outnumbered).
  9351 | D:11     | Noticed a boulder beetle
  9380 | D:11     | Killed a boulder beetle
  9381 | D:11     | Reached XP level 12. HP: 69/111 MP: 12/12
  9429 | D:11     | Found a staircase to the Lair.
  9431 | D:11     | 9431 ||| PLANNING TEMPLE
  9432 | D:11     | 9432 ||| UPGRADING to +0 fire dragon scales.
  9442 | D:11     | 9442 ||| UPGRADING to ring of fire.
  9628 | Temple   | Entered the Ecumenical Temple
  9651 | Temple   | 9651 ||| PLANNING CONVERSION TO OKAWARU
  9658 | Temple   | Fell from the grace of Ignis
  9658 | Temple   | Became a worshipper of Warmaster Okawaru
  9659 | Temple   | 9659 ||| PLANNING LAIR
  9734 | D:8      | 9734 ||| Stepping ~*~*~tactically~*~*~ (stealth).
  9738 | D:8      | 9738 ||| Stepping ~*~*~tactically~*~*~ (stealth).
  9870 | Lair:1   | Entered Level 1 of the Lair of Beasts
  9917 | Lair:1   | Reached skill level 3 in Armour
  9961 | Lair:1   | Identified the +7 rapier of Squeaky Optimality {venom,
                  | Drain Int+2 Dex+6}
 10006 | Lair:1   | You fall into a shaft and drop 1 floor!
 10039 | Lair:2   | Reached * piety under Okawaru
 10099 | Lair:2   | 10099 ||| INVOKING Heroism.
 10125 | Lair:2   | 10125 ||| INVOKING Heroism.
 10126 | Lair:2   | HP: 23/111 [fire elemental[the fiery vengeance of Ignis]
                  | (12)]
 10127 | Lair:2   | 10127 ||| READING 12 scrolls of teleportation.
 10128 | Lair:2   | 10128 ||| DRINKING potion of heal wounds.
 10259 | Lair:2   | 10259 ||| Stepping ~*~*~tactically~*~*~ (stealth).
 10267 | Lair:2   | 10267 ||| Stepping ~*~*~tactically~*~*~ (outnumbered).
 10268 | Lair:2   | 10268 ||| Stepping ~*~*~tactically~*~*~ (outnumbered).
 10269 | Lair:2   | 10269 ||| Stepping ~*~*~tactically~*~*~ (outnumbered).
 10271 | Lair:2   | 10271 ||| Stepping ~*~*~tactically~*~*~ (outnumbered).
 10272 | Lair:2   | 10272 ||| Stepping ~*~*~tactically~*~*~ (outnumbered).
 10280 | Lair:2   | 10280 ||| INVOKING Heroism.
 10281 | Lair:2   | 10281 ||| INVOKING Heroism.
 10282 | Lair:2   | HP: 24/111 [blink frog (6)]
 10283 | Lair:2   | 10283 ||| READING 11 scrolls of teleportation.
 10285 | Lair:2   | You fall into a shaft and drop 1 floor!
 10382 | Lair:3   | Found a hole to the Spider Nest.
 10385 | Lair:3   | 10385 ||| INVOKING Heroism.
 10387 | Lair:3   | 10387 ||| Stepping ~*~*~tactically~*~*~ (stealth).
 10388 | Lair:3   | 10388 ||| Stepping ~*~*~tactically~*~*~ (stealth).
 10390 | Lair:3   | 10390 ||| Stepping ~*~*~tactically~*~*~ (stealth).
 10415 | Lair:3   | 10415 ||| INVOKING Heroism.
 10419 | Lair:3   | Reached skill level 1 in Invocations
 10445 | Lair:3   | You fall into a shaft and drop 1 floor!
 10446 | Lair:4   | 10446 ||| INVOKING Heroism.
 10450 | Lair:4   | 10450 ||| Stepping ~*~*~tactically~*~*~ (stealth).
 10452 | Lair:4   | 10452 ||| Stepping ~*~*~tactically~*~*~ (stealth).
 10453 | Lair:4   | 10453 ||| Stepping ~*~*~tactically~*~*~ (outnumbered).
 10454 | Lair:4   | 10454 ||| Stepping ~*~*~tactically~*~*~ (outnumbered).
 10455 | Lair:4   | 10455 ||| Stepping ~*~*~tactically~*~*~ (outnumbered).
 10456 | Lair:4   | 10456 ||| Stepping ~*~*~tactically~*~*~ (outnumbered).
 10457 | Lair:4   | 10457 ||| Stepping ~*~*~tactically~*~*~ (outnumbered).
 10461 | Lair:4   | 10461 ||| INVOKING Heroism.
 10464 | Lair:4   | 10464 ||| Stepping ~*~*~tactically~*~*~ (outnumbered).
 10465 | Lair:4   | 10465 ||| Stepping ~*~*~tactically~*~*~ (outnumbered).
 10465 | Lair:4   | Noticed a boulder beetle
 10466 | Lair:4   | 10466 ||| Stepping ~*~*~tactically~*~*~ (outnumbered).
 10467 | Lair:4   | 10467 ||| Stepping ~*~*~tactically~*~*~ (outnumbered).
 10468 | Lair:4   | 10468 ||| Stepping ~*~*~tactically~*~*~ (outnumbered).
 10469 | Lair:4   | 10469 ||| Stepping ~*~*~tactically~*~*~ (outnumbered).
 10470 | Lair:4   | 10470 ||| Stepping ~*~*~tactically~*~*~ (outnumbered).
 10471 | Lair:4   | 10471 ||| STAIRDANCE
 10473 | Lair:3   | 10473 ||| Stepping ~*~*~tactically~*~*~ (outnumbered).
 10474 | Lair:3   | 10474 ||| Stepping ~*~*~tactically~*~*~ (outnumbered).
 10547 | Lair:4   | 10547 ||| STAIRDANCE
 10549 | Lair:3   | 10549 ||| INVOKING Heroism.
 10550 | Lair:3   | 10550 ||| Stepping ~*~*~tactically~*~*~ (outnumbered).
 10553 | Lair:3   | 10553 ||| Stepping ~*~*~tactically~*~*~ (outnumbered).
 10585 | Lair:3   | 10585 ||| INVOKING Heroism.
 10592 | Lair:3   | HP: 20/111 [fire elemental[the fiery vengeance of Ignis]
                  | (9)]
 10593 | Lair:3   | 10593 ||| READING 11 scrolls of teleportation.
 10594 | Lair:3   | HP: 9/111 [fire elemental[the fiery vengeance of Ignis]
                  | (9)]
 10599 | Lair:3   | 10599 ||| READING 10 scrolls of teleportation.
 10600 | Lair:3   | 10600 ||| Stepping ~*~*~tactically~*~*~ (stealth).
 10601 | Lair:3   | Killed from afar by a rime drake

Levels and vault maps discovered:
D:1:      spicycebolla_green_bress_n_ham_2, layout_loops_ring,
          hellmonk_ecumenical_altar_watching_god, roderic_malta_cross,
          st_stairs_6, corexii_hall_statues_i, grunt_decor_cap,
          kennysheep_minor_cross, kennysheep_flooded_box
D:2:      layout_basic
D:3:      layout_loops_cross
D:4:      layout_cave_pools, grunt_temple_overflow_open
D:5:      layout_basic, ashenzari_conservatory_becter,
          eat_drink_and_be_merry_uskayaw, portal_sewer_entry_d,
          nicolae_shop_self_help
D:6:      layout_loops_ring, serial_shops, nicolae_diamond_shop
D:7:      layout_loops_ring, mainiacjoe_overflow_concentric_impassable,
          chequers_temple_overflow_minitemple, temple_statues,
          minmay_fire_ice_demons
D:8:      layout_basic, minmay_misc_feat_pillars, uniq_erica
D:9:      gammafunk_cloud_chamber, layout_long_grid, tgw_kikubaaqudgha,
          david_orc_1_choice, serial_shops, nicolae_shop_stone
D:10:     cheibrodos_iron_armory, layout_basic, mainiacjoe_overflow_paths,
          uniq_grum
D:11:     minmay_firetagon, layout_loops_ring, erik_lair_dragon, special_room
          [special_room_orc], uniq_urug
Temple:   hellmonk_temple_of_storms
Lair:1:   layout_chaotic_city
Lair:2:   layout_chaotic_city, nicolae_volcano_entry_two_sided
Lair:3:   hangedman_what_comes_after_a, layout_cave_pods,
          elwin_shoals_entry_rooms, nicolae_spider_entry_non_spiders,
          portal_ice_cave_entry_pillars_2, st_stairs_8
Lair:4:   layout_regular_city

Skill      XL: |  1  2  3  4  5  6  7  8  9 10 11 12 |
---------------+-------------------------------------+-----
Unarmed Combat | 4 5 6 9 10 12 13 | 13.0
Throwing       | 1 2 3 |  3.2
Shields        | 4 6 9 10 11 13 | 13.1
Fighting       | 3 4 5 |  5.1
Dodging        | 1 |  1.1
Armour         | 2 3 |  3.1
Invocations    | 2 |  2.8
Spellcasting   | |  1.0
Fire Magic     | |  2.1

Action                   |  1- 3 |  4- 6 |  7- 9 | 10-12 || total
-------------------------+-------+-------+-------+-------++-------
Melee: Unarmed           |    69 |   100 |   196 |   608 ||   973
       Punch             |     2 |       |       |       ||     2
Throw: Javelin           |     4 |       |     2 |    53 ||    59
       Boomerang         |       |     8 |    44 |    44 ||    96
Invok: Fiery Armour      |     1 |     1 |     3 |     8 ||    13
       Heroism           |       |       |       |     9 ||     9
  Use: Scroll            |     7 |     4 |     6 |    11 ||    28
       Potion            |     1 |       |     5 |     3 ||     9
Armor: Robe              |    19 |    38 |    90 |    50 ||   197
       Acid dragon scale |       |       |       |   101 ||   101
       Fire dragon scale |       |       |       |    80 ||    80
Dodge: Dodged            |    17 |    33 |    48 |   102 ||   200
Block: Tower shield      |       |     6 |   131 |   472 ||   609

Table legend:
 A = Non-vault XP
 B = Vault XP
 C = Vault XP percentage of total XP
 D = Non-vault monster count
 E = Vault monster count
 F = Vault count percentage of total count
                 A         B        C        D         E       F
            +---------+---------+-------+---------+---------+-------
      Total |   21406 |    7750 |  26.6 |     211 |      68 |  24.4
            +---------+---------+-------+---------+---------+-------
        D:1 |      25 |       2 |   7.4 |      14 |       1 |   6.7
        D:2 |      67 |       0 |   0.0 |      14 |       0 |   0.0
        D:3 |     256 |       0 |   0.0 |      24 |       0 |   0.0
        D:4 |      21 |       0 |   0.0 |      10 |       0 |   0.0
        D:5 |     680 |      13 |   1.9 |      12 |       1 |   7.7
        D:6 |     860 |       0 |   0.0 |      15 |       0 |   0.0
        D:7 |    1742 |      59 |   3.3 |      16 |       2 |  11.1
        D:8 |    1095 |     836 |  43.3 |      17 |       1 |   5.6
        D:9 |    2355 |     785 |  25.0 |      12 |       9 |  42.9
       D:10 |    3248 |     651 |  16.7 |      26 |       5 |  16.1
       D:11 |    5094 |    4490 |  46.8 |      19 |      37 |  66.1
     Lair:1 |    2182 |       0 |   0.0 |      11 |       0 |   0.0
     Lair:2 |    1103 |       0 |   0.0 |       5 |       0 |   0.0
     Lair:3 |    2253 |     764 |  25.3 |      14 |       6 |  30.0
     Lair:4 |     425 |       0 |   0.0 |       2 |       0 |   0.0
      Sewer |       0 |     150 | 100.0 |       0 |       6 | 100.0
            +---------+---------+-------+---------+---------+-------
